 Dungeon Crawl Stone Soup version 0.30-a0-777-ga9a30cbeda (webtiles) character file.

Game seed: 14456669464024363351

11 Esekla the Sneak (level 2, -8/16 HPs)
             Began as a Vine Stalker Delver on Feb 14, 2023.
             Was an Initiate of Vehumet.
             Killed from afar by Blork the orc (10 damage)
             ... with a magic dart
             ... on level 4 of the Dungeon.
             The game lasted 00:03:57 (395 turns).

Esekla the Sneak (Vine Stalker Delver)               Turns: 395, Time: 00:03:58

Health: -8/16      AC:  3    Str: 14    XL:     2   Next: 25%
Magic:  0/3        EV: 11    Int: 10    God:    Vehumet [......]
Gold:   7          SH:  0    Dex: 15    Spells: 1/1 levels left

rFire   . . .      SeeInvis .    a - +0 falchion
rCold   . . .      Faith    .    (no shield)
rNeg    . . .      Spirit   +    b - +0 leather armour
rPois   .          Reflect  .    (no helmet)
rElec   .          Harm     .    (no cloak)
rCorr   .          Rampage  .    (no gloves)
Will    .....                    (no boots)
Stlth   +++                      (no amulet)
HPRegen 0.22/turn                (no ring)
MPRegen 0.08/turn                (no ring)

@: no status effects
A: fangs 2, magic shield, antimagic bite, no potion heal 2
a: Renounce Religion


You were on level 4 of the Dungeon.
You worshipped Vehumet.
Vehumet was noncommittal.
You visited 2 branches of the dungeon, and saw 3 of its levels.

You collected 7 gold pieces.

Inventory:

Hand Weapons
 a - a +0 falchion (weapon)
Missiles
 h - 2 poisoned darts (quivered)
Armour
 b - a +0 leather armour (worn)
Wands
 g - a wand of digging (2)
Scrolls
 c - a scroll of fog
Potions
 d - a potion of brilliance {unknown}
 f - a potion of haste


   Skills:
 * Level 2.9 Fighting
 * Level 1.8 Long Blades
 + Level 1.6 Dodging
 + Level 6.3 Stealth
 * Level 0.3 Spellcasting


You had one spell level left.
You didn't know any spells.
Your spell library was empty.

Dungeon Overview and Level Annotations

Branches:
Dungeon (5/15)             Temple (1/1) D:5

Altars:
Ashenzari
Cheibriados
Dithmenos
Elyvilon
Fedhas
Hepliaklqana
Makhleb
Nemelex Xobeh
Qazlal
Uskayaw
Vehumet
Wu Jian
Yredelemnul
Zin
The Shining One

Annotations:
D:4 Blork the orc


Innate Abilities, Weirdness & Mutations

You have extremely sharp teeth.
When hurt, damage is shared between your health and your magic reserves.
Your bite disrupts and absorbs the magic of your enemies.
Potions cannot restore your health.


Message History

You feel sick.
* * * LOW HITPOINT WARNING * * *
You feel sick.
* * * LOW HITPOINT WARNING * * *
You feel sick.
* * * LOW HITPOINT WARNING * * *
You feel sick.
* * * LOW HITPOINT WARNING * * *
You feel sick.
* * * LOW HITPOINT WARNING * * *
You feel sick.
You are no longer poisoned.
There is a staircase to the Ecumenical Temple here.
You climb downwards.
Welcome back to the Ecumenical Temple!
There is a staircase back to the Dungeon here.
You start resting.
HP restored.
(D) Dungeon (T) Temple
Where to? (Enter - D:5, ? - help) You're already at the bottom of this branch!
You climb upwards.
There is a staircase to the Ecumenical Temple here.
There is an escape hatch in the ceiling here.
A mysterious force pulls you upwards. The hatch slams shut behind you.
Blork the orc shouts!
The steam dragon hisses angrily.
Okay, then.
Aiming: Dig
Press: ? - help, Shift-Dir - straight line You can't see that place.
The rock shatters into small pieces.
Blork the orc hits you with a +0 glaive.
The steam dragon bites you!
Ouch! That really hurt!
* * * LOW HITPOINT WARNING * * *
The steam dragon claws you.
* * * LOW HITPOINT WARNING * * *
Blork the orc points at you and mumbles some strange words.
The magic dart hits you!
Ouch! That really hurt!
You die...

## ###.# .....
...#
####..####
#.........
#.#...# #D@#
.#### #.##
.... #o#
...#### #.#
.o..... #.# ##
o.... #.# #.
...
#.####.##.##.#
#......|..>o.#
#####..##.####


You could see Blork the orc and a steam dragon.

Vanquished Creatures
  An ufetubus (D:5)
  A worm (D:5)
  An orc (D:4)
3 creatures vanquished.

Notes
Turn   | Place    | Note
-------+----------+-------------------------------------------
     0 | D:5      | Esekla the Vine Stalker Delver began the quest for the Orb.
     0 | D:5      | Reached XP level 1. HP: 11/11 MP: 2/2
    71 | D:5      | Found a staircase to the Ecumenical Temple.
    81 | Temple   | Entered the Ecumenical Temple
   127 | Temple   | Became a worshipper of Vehumet
   158 | D:4      | Noticed an orc priest
   193 | D:5      | Noticed an iguana
   220 | D:5      | Reached XP level 2. HP: 12/16 MP: 1/3
   393 | D:4      | Noticed Blork the orc
   393 | D:4      | Noticed a steam dragon
   395 | D:4      | Killed from afar by Blork the orc

Illustrated notes

Levels and vault maps discovered:
D:4:      layout_loops_ring, uniq_blork_the_orc
D:5:      layout_cave_pods, kennysheep_mini, temple_statues
Temple:   compressed_dpeg_triangle_lava_temple

Action                     || total
---------------------------++-------
  Melee: Falchion          ||    20
         Bite              ||     3
  Throw: Dart              ||     3
  Evoke: Wand              ||     1
    Use: Scroll            ||     2
 Armour: Leather armour    ||     3
  Dodge: Dodged            ||    15

Table legend: (Time is in decaauts)
 A = Elapsed time spent in this place.
 B = Non-inter-level travel time spent in this place.
 C = Inter-level travel time spent in this place.
 D = Time resting spent in this place.
 E = Time spent auto-exploring this place.
 F = Levels seen in this place.
 G = Mean time per level.
                   A        B        C        D        E       F      G
               +--------+--------+--------+--------+--------+-----+--------+
         Total |    400 |    387 |     13 |     81 |      0 |   3 |  133.3 |
       Dungeon |    285 |    284 |      1 |     29 |      0 |   2 |  142.5 |
        Temple |    115 |    103 |     12 |     52 |      0 |   1 |  115.0 |
               +--------+--------+--------+--------+--------+-----+--------+

Top non-repeatable levels by time:
     D:5: 278 daAuts
  Temple: 115 daAuts
     D:4: 6 daAuts
